 Dungeon Crawl Stone Soup version 0.30-a0-305-g026cb31310 (webtiles) character file.

Game seed: 14848850784020127561

4684 funkygono the Arsonist (level 10, -3/53 HPs)
             Began as a Gargoyle Fire Elementalist on Oct 21, 2022.
             Was a Believer of Vehumet.
             Slain by a two-headed ogre
             ... wielding a +0 giant spiked club
              (24 damage)
             ... on level 9 of the Dungeon.
             The game lasted 00:15:21 (9202 turns).

funkygono the Arsonist (Gargoyle Fire Elementalist) Turns: 9202, Time: 00:15:21

Health: -3/53      AC: 15    Str: 13    XL:     10   Next: 44%
Magic:  19/22      EV: 12    Int: 19    God:    Vehumet [**....]
Gold:   467        SH:  5    Dex: 13    Spells: 15/25 levels left

rFire   + . .      SeeInvis .    g - +2 whip
rCold   . . .      Faith    .    (no shield)
rNeg    + . .      Spirit   .    f - +0 troll leather armour {Pargi}
rPois   ∞          Reflect  +    A - +0 helmet
rElec   +          Harm     .    q - +1 cloak
rCorr   +          Rampage  .    e - +0 pair of gloves
Will    .....                    (no boots)
Stlth   ++........               s - amulet of the Harvest {Reflect rC+ rCorr Dex+3 SH+5}
HPRegen 1.08/turn                v - ring of resist corrosion
MPRegen 0.18/turn                F - ring of fire

@: no status effects
A: sickness immunity, AC +7, negative energy resistance 1, electricity
resistance, torment resistance 1, petrification resistance
a: Renounce Religion


You were on level 9 of the Dungeon.
You worshipped Vehumet.
Vehumet was pleased with you.
You visited 1 branch of the dungeon, and saw 9 of its levels.

You collected 467 gold pieces.

Inventory:

Hand Weapons
 b - a +0 whip of flaming
 g - a +2 whip (weapon)
Armour
 a - a +0 robe
 e - a +0 pair of gloves (worn)
 f - a +0 troll leather armour (worn) {Pargi}
 q - a +1 cloak (worn)
 A - a +0 helmet (worn)
Magical Staves
 h - a staff of earth
 o - a staff of conjuration
 G - a staff of earth
Jewellery
 i - an amulet of regeneration
 s - the amulet of the Harvest (around neck) {Reflect rC+ rCorr Dex+3 SH+5}
   (You found it on level 3 of the Dungeon)

   [amulet of reflection]

   It reflects blocked missile attacks.
   Dex:       It affects your dexterity (+3).
   rC:        It protects you from cold.
   rCorr:     It protects you from acid and corrosion.
   SH:        It affects your SH (+5).
 v - a ring of resist corrosion (left hand)
 F - a ring of fire (right hand)
Wands
 t - a wand of roots (8)
 C - a wand of charming (14)
Scrolls
 d - 3 scrolls of identify
 l - a scroll of teleportation
 m - a scroll of silence
 r - 2 scrolls of poison
 y - 3 scrolls of vulnerability
 K - a scroll of magic mapping
 L - a scroll of fear
Potions
 c - 5 potions of curing
 j - 2 potions of cancellation
 k - 2 potions of ambrosia
 n - a potion of brilliance
 p - a potion of resistance
 u - 2 potions of mutation
 w - a potion of attraction
 x - a potion of heal wounds
 z - a potion of might
 B - 2 potions of lignification
 H - a potion of magic
 I - a potion of haste
 M - a potion of flight


   Skills:
 + Level 2.2 Fighting
 + Level 2.1 Maces & Flails
 + Level 1.3 Armour
 + Level 3.0 Dodging
 - Level 2.1 Stealth
 + Level 3.1 Shields
 + Level 8.4 Spellcasting
 + Level 5.9 Conjurations
 + Level 0.2 Translocations
 + Level 9.7 Fire Magic
 + Level 0.1 Air Magic


You had 15 spell levels left.
You knew the following spells:

 Your Spells              Type           Power      Damage    Failure   Level
a - Foxfire               Conj/Fire      100%       2x1d9     1%          1
b - Scorch                Fire           100%       2d10      1%          2
c - Kindle Blastsparks    Fire/Tloc/Air  62%        2d15      9%          3
d - Flame Wave            Conj/Fire      54%        2d13      4%          4

Your spell library contained the following spells:

 Spells                   Type           Power      Damage    Failure   Level
 Shock                    Conj/Air       76%        1d7       3%          1
 Inner Flame              Hex/Fire       39%        N/A       4%          3
 Mephitic Cloud           Conj/Pois/Air  15%        N/A       14%         3
 Poisonous Vapours        Pois/Air       16%        N/A       16%         2
 Ensorcelled Hibernation  Hex/Ice        14%        N/A       17%         2
 Passwall                 Tmut/Erth      5%         N/A       17%         2
 Swiftness                Air            8%         N/A       32%         3
 Dispel Undead            Necr           7%         3d8       73%         4
 Death Channel            Necr           3%         N/A       100%        6
 Cigotuvi's Dreadful Rot  Necr/Pois/Air  Unusable   N/A       N/A         2

Dungeon Overview and Level Annotations

Branches:
Dungeon (9/15)             Temple (0/1) D:5            Lair (0/5) D:8
    Orc: D:9-12

Altars:
Dithmenos
Elyvilon
Gozag
Hepliaklqana
Kikubaaqudgha
Makhleb
Nemelex Xobeh
Qazlal
Uskayaw
Vehumet
Wu Jian
Xom
The Shining One

Shops:
D:4 ?


Innate Abilities, Weirdness & Mutations

You are immune to sickness and miasma.
Your stone body is resilient. (AC +7)
You are immune to poison.
You resist negative energy. (rN+)
You are resistant to electric shocks. (rElec)
You are resistant to unholy torment.
You are immune to petrification.


Message History

Confirm with . or Enter, or press ? or * to list all spells.
Casting: Flame Wave (dangerous; 4% risk of failure)
Press: ? - help, Dir - look around, f - activate You feel a surge of power!
A wave of flame ripples out!
The flame wave engulfs the two-headed ogre!
The two-headed ogre is moderately wounded.
The flame wave engulfs the orc!
You kill the orc!
Vehumet accepts your kill.
You feel your power returning. (Press . to intensify the flame waves.)
You hear an angry buzzing noise. x2
A killer bee comes into view.
The orc wizard mumbles some strange words.
The orc wizard flickers and vanishes!
Deactivating autopickup; reactivate with Ctrl-A.
The two-headed ogre hits you with a +0 giant spiked club!!
The two-headed ogre hits you with a +0 giant spiked club!
An orc wizard comes into view. It is wielding a +0 dagger.
A wave of flame ripples out!
The flame wave engulfs the two-headed ogre!
The two-headed ogre is heavily wounded.
The flame wave engulfs the orc wizard!
You kill the orc wizard!
Vehumet accepts your kill.
You feel your power returning.
The flame wave engulfs the orc wizard.
The orc wizard is moderately wounded.
You hear a shout!
A wave of flame ripples out!
The flame wave engulfs the two-headed ogre!
The two-headed ogre is severely wounded.
The flame wave engulfs the orc wizard!
You kill the orc wizard!
Vehumet accepts your kill.
You feel your power returning.
The flame wave engulfs the killer bee!
The killer bee is almost dead.
You finish channelling waves of flame.
You hear an angry buzzing noise.
You hear a shout!
The two-headed ogre hits you with a +0 giant spiked club!!
You die...

.. .# # ..# .# ## #.
..#......#
.#####.#.#..#.#.#
....# <........###
#y#.# #.##.......#
#O#.###.........)#
#)@..............#
#.....#.###†#........#
##..#...#..<.........#
#. #.#.#..........###
# #....#####........
..... #........
#####.. #........ ..
#........ #........


You could see a two-headed ogre and a killer bee.

Vanquished Creatures
  Pikel (D:4)
  Maurice (D:8)
  Psyche (D:8)
  A troll (D:8)
  Prince Ribbit (D:6)
  2 hornets
  Sigmund (D:5)
  Eustachio (D:4)
  Pargi (D:4)
  An orc warrior (D:8)
  A sky beast (D:7)
  2 ogres
  2 lemures (D:4)
  3 wolves (D:8)
  A phantom (D:6)
  2 kobold brigands (D:6)
  4 bullfrogs
  2 scorpions
  5 wights (D:8)
  3 killer bees (D:7)
  3 electric eels (D:8)
  A howler monkey (D:9)
  A jelly (D:6)
  A gnoll bouda (D:8)
  An orc priest (D:8)
  7 hounds
  5 orc wizards
  Natasha (thrice) (D:3)
  10 adders
  6 gnolls
  2 shadow imps (D:6)
  2 white imps
  A worm (D:3)
  3 dart slugs
  18 orcs
  9 ball pythons
  2 bats
  12 endoplasms
  4 giant cockroaches
  5 goblins
  4 hobgoblins (D:4)
  2 jackals (D:1)
  3 quokkas
  2 frilled lizards
  14 kobolds
  7 rats
164 creatures vanquished.

Vanquished Creatures (others)
  2 orcs (D:8)
  490 foxfires
492 creatures vanquished.

Grand Total: 656 creatures vanquished

Notes
Turn   | Place    | Note
-------+----------+-------------------------------------------
     0 | D:1      | funkygono the Gargoyle Fire Elementalist began the quest
                  | for the Orb.
     0 | D:1      | Reached XP level 1. HP: 10/10 MP: 3/3
   288 | D:1      | Reached XP level 2. HP: 15/15 MP: 0/5
   464 | D:1      | Reached XP level 3. HP: 19/19 MP: 3/6
   467 | D:1      | Learned a level 2 spell: Scorch
   471 | D:1      | Learned a level 3 spell: Kindle Blastsparks
  1133 | D:2      | Reached skill level 4 in Fire Magic
  1350 | D:2      | Reached XP level 4. HP: 24/24 MP: 2/7
  1440 | D:2      | You fall into a shaft and drop 1 floor!
  2044 | D:3      | Found a faded altar of an unknown god.
  2701 | D:3      | Identified the amulet of the Harvest {Reflect rC+ rCorr
                  | Dex+3 SH+5}
  2721 | D:3      | Found a glowing golden altar of the Shining One.
  2721 | D:3      | Noticed Natasha
  2726 | D:3      | Killed Natasha
  2727 | D:3      | Reached XP level 5. HP: 28/28 MP: 1/9
  2818 | D:3      | Noticed Natasha
  2822 | D:3      | Killed Natasha
  2922 | D:3      | Noticed Natasha
  2928 | D:3      | Killed Natasha
  3225 | D:3      | Learned a level 4 spell: Flame Wave
  3239 | D:4      | Found a shimmering altar of Xom.
  3240 | D:4      | Found a sparkling altar of Nemelex Xobeh.
  3245 | D:4      | Found a burning altar of Makhleb.
  3246 | D:4      | Found a radiant altar of Vehumet.
  3248 | D:4      | Found a stormy altar of Qazlal.
  3249 | D:4      | Found a shadowy altar of Dithmenos.
  3249 | D:4      | Found an opulent altar of Gozag.
  3251 | D:4      | Became a worshipper of Vehumet
  3258 | D:4      | Found a hazy altar of Hepliaklqana.
  3261 | D:4      | Found an ornate altar of the Wu Jian Council.
  3394 | D:4      | Noticed Pargi
  3408 | D:4      | Killed Pargi
  3409 | D:4      | Reached skill level 5 in Fire Magic
  3409 | D:4      | Reached XP level 6. HP: 32/32 MP: 0/12
  3576 | D:4      | Found Ocluodi's Magic Scroll Shoppe.
  3690 | D:4      | Noticed Eustachio
  3698 | D:4      | Noticed Pikel
  3836 | D:4      | Killed Pikel
  3837 | D:4      | Reached skill level 5 in Spellcasting
  3837 | D:4      | Reached skill level 6 in Fire Magic
  3837 | D:4      | Reached XP level 7. HP: 14/36 MP: 8/14
  4168 | D:4      | Killed Eustachio
  4169 | D:4      | Reached XP level 8. HP: 38/41 MP: 1/16
  4316 | D:4      | Reached skill level 1 in Maces & Flails
  4492 | D:5      | Entered Level 5 of the Dungeon
  4714 | D:5      | Reached * piety under Vehumet
  4714 | D:5      | Offered knowledge of Freeze by Vehumet.
  4756 | D:5      | Noticed Sigmund
  4762 | D:5      | Killed Sigmund
  4763 | D:5      | Reached skill level 1 in Shields
  4847 | D:5      | Found a white marble altar of Elyvilon.
  4906 | D:5      | Reached skill level 7 in Fire Magic
  5006 | D:5      | Found a staircase to the Ecumenical Temple.
  5635 | D:6      | Reached XP level 9. HP: 42/45 MP: 9/18
  5718 | D:6      | Found a hide-covered altar of Uskayaw.
  5846 | D:6      | Noticed Prince Ribbit
  5851 | D:6      | Killed Prince Ribbit
  6650 | D:7      | Reached skill level 8 in Fire Magic
  6979 | D:7      | Reached skill level 1 in Fighting
  7350 | D:7      | Noticed a hornet
  7356 | D:7      | Killed a hornet
  7865 | D:8      | Noticed a troll
  7875 | D:8      | Reached ** piety under Vehumet
  7878 | D:8      | Offered knowledge of Shock by Vehumet.
  7886 | D:8      | Killed a troll
  7887 | D:8      | Reached skill level 5 in Conjurations
  7887 | D:8      | Reached skill level 9 in Fire Magic
  7941 | D:8      | Noticed Maurice
  7997 | D:8      | Killed Maurice
  7998 | D:8      | Reached XP level 10. HP: 53/53 MP: 9/21
  8374 | D:8      | Found a staircase to the Lair.
  8559 | D:8      | Reached skill level 1 in Armour
  8721 | D:8      | Noticed Psyche
  8726 | D:8      | Killed Psyche
  8983 | D:8      | Found an ancient bone altar of Kikubaaqudgha.
  9199 | D:9      | Noticed a two-headed ogre
  9202 | D:9      | Slain by a two-headed ogre

Illustrated notes

Levels and vault maps discovered:
D:1:      roderic_octagonal_star, layout_rooms, serial_aquarium,
          aquarium_bridge_straight [aquarium_subvault_bridge,
          aquarium_subvault_balcony, aquarium_subvault_bridge,
          aquarium_subvault_window], aquarium_window_3, aquarium_window_1,
          aquarium_window_2, aquarium_view_2c, aquarium_balcony_double_3
D:2:      layout_loops_ring
D:3:      layout_loops_ring, tso_altar, basic_ecumenical_altar, minivault_27,
          uniq_natasha
D:4:      layout_basic, nicolae_overflow_hallway_of_the_gods, serial_shops,
          shop, minmay_strange_pillars, kennysheep_generic_room_5, uniq_pikel,
          uniq_eustachio, uniq_pargi
D:5:      layout_gridville, mainiacjoe_overflow_small_starburst,
          minmay_temple_entry_drinking_statues, uniq_sigmund
D:6:      layout_loops_ring, nicolae_uskayaw_dance_studio, uniq_prince_ribbit1
D:7:      layout_layer_cave, hex_large
D:8:      layout_loops_ring, lemuel_round_altar, erik_lair_island, uniq_psyche,
          uniq_maurice
D:9:      cheibrodos_barr_body, layout_basic, uniq_maggie

Skill      XL: |  1  2  3  4  5  6  7  8  9 10 |
---------------+-------------------------------+-----
Fire Magic     | 4 5 6 7 9 |  9.7
Spellcasting   | 3 4 5 6 7 8 |  8.4
Conjurations   | 2 4 5 |  5.9
Dodging        | 2 3 |  3.0
Maces & Flails | 1 2 |  2.1
Shields        | 2 3 |  3.1
Fighting       | 2 |  2.2
Armour         | 1 |  1.3
Stealth        | |  2.1
Translocations | |  0.2
Air Magic      | |  0.1

Action                   |  1- 3 |  4- 6 |  7- 9 | 10-12 || total
-------------------------+-------+-------+-------+-------++-------
Melee: Unarmed           |     5 |       |       |       ||     5
       Whip              |     5 |     8 |    24 |    20 ||    57
 Cast: Foxfire           |    51 |    72 |   116 |    42 ||   281
       Scorch            |     1 |    24 |    35 |    15 ||    75
       Kindle Blastspark |       |     1 |       |       ||     1
       Flame Wave        |       |       |     2 |     4 ||     6
  Use: Scroll            |       |    10 |     8 |     5 ||    23
       Potion            |       |     1 |       |       ||     1
Armor: Robe              |     9 |    16 |    26 |       ||    51
       Troll leather arm |       |       |    13 |    11 ||    24
Dodge: Dodged            |    23 |    34 |    40 |    17 ||   114
Block: Other             |       |     8 |    23 |     5 ||    36
       Reflection        |       |     2 |       |       ||     2

Table legend: (Time is in decaauts)
 A = Elapsed time spent in this place.
 B = Non-inter-level travel time spent in this place.
 C = Inter-level travel time spent in this place.
 D = Time resting spent in this place.
 E = Time spent auto-exploring this place.
 F = Levels seen in this place.
 G = Mean time per level.
                   A        B        C        D        E       F      G
               +--------+--------+--------+--------+--------+-----+--------+
         Total |   9204 |   8881 |    323 |    945 |   6620 |   9 | 1022.7 |
       Dungeon |   9204 |   8881 |    323 |    945 |   6620 |   9 | 1022.7 |
               +--------+--------+--------+--------+--------+-----+--------+

Top non-repeatable levels by time:
     D:3: 1461 daAuts
     D:7: 1423 daAuts
     D:8: 1270 daAuts
     D:6: 1228 daAuts
     D:4: 1215 daAuts
     D:2: 936 daAuts
     D:1: 880 daAuts
     D:5: 745 daAuts
     D:9: 43 daAuts
